 Dungeon Crawl Stone Soup version 0.20.0-10-g0535bb4 (webtiles) character file.

3320 MTVSty1e the Carver (level 9, 0/81 HPs)
             Began as a Green Draconian Gladiator on June 5, 2017.
             Was a Follower of Cheibriados.
             Slain by a freezing wraith (3 damage)
             ... on level 8 of the Dungeon.
             The game lasted 00:13:26 (7596 turns).

MTVSty1e the Carver (Green Draconian Gladiator)     Turns: 7596, Time: 00:13:30

Health: 0/81       AC: 10    Str: 22    XL:     9   Next: 71%
Magic:  9/9        EV: 16    Int: 12    God:    Cheibriados [*.....]
Gold:   378        SH:  0    Dex: 16    Spells: 8/8 levels left

rFire    + . .     SeeInvis .   a - +0 long sword
rCold    + . .     Gourm    .   (no shield)
rNeg     + . .     Faith    .   (armour unavailable)
rPois    +         Spirit   .   b - +1 hat
rElec    .         Reflect  .   h - scarf {rC+ rF+}
rCorr    +         Harm     .   e - +0 pair of gloves
MR       .....                  n - +0 pair of boots
Stlth    +.........             (no amulet)
Regen    0.3/turn               i - ring of positive energy
MPRegen  0.2/turn               m - ring of resist corrosion

@: about to teleport, short of breath, very slightly contaminated, slowed,
invisible, very slow
A: breathe noxious fumes, unfitting armour, poison resistance, cold-blooded, AC
+7
a: Breathe Noxious Fumes, Bend Time, Renounce Religion


You were on level 8 of the Dungeon.
You worshipped Cheibriados.
Cheibriados was aware of your devotion.
You were hungry.

You visited 2 branches of the dungeon, and saw 9 of its levels.

You collected 378 gold pieces.

Inventory:

Hand Weapons
 a - a +0 long sword (weapon)
 p - the +10 hand axe "Woav" {freeze, Dex+3, unknown}
   (You found it on level 7 of the Dungeon)

   It has been specially enchanted to freeze those struck by it, causing extra
   injury to most foes and up to half again as much damage against particularly
   susceptible opponents.
   It can also slow down cold-blooded creatures.
   It affects your dexterity (+3).
Missiles
 c - 3 throwing nets (quivered)
Armour
 b - a +1 hat (worn)
 e - a +0 pair of gloves (worn)
 h - a scarf of resistance (worn)
 n - a +0 pair of boots (worn)
Jewellery
 i - a ring of positive energy (left hand)
 m - a ring of resist corrosion (right hand)
 r - an uncursed ring of flight {unknown}
Scrolls
 j - 2 scrolls of teleportation
 o - a scroll of magic mapping
 s - a scroll of remove curse
Potions
 q - 2 potions of flight
Comestibles
 d - 6 bread rations
 k - 7 royal jellies
 t - 2 meat rations


   Skills:
 + Level 8.1 Fighting
 * Level 10.4 Long Blades
 - Level 1.7 Throwing
 + Level 6.3 Dodging


You had 8 spell levels left.
You didn't know any spells.

Dungeon Overview and Level Annotations

Branches:
Dungeon (8/15)             Temple (1/1) D:6
   Lair: D:8-11

Altars:
Ashenzari
Cheibriados
Dithmenos
Elyvilon
Kikubaaqudgha
Makhleb
Okawaru
Sif Muna
Trog
Vehumet
Xom
Zin

Shops:
D:4 :


Innate Abilities, Weirdness & Mutations

You can breathe blasts of noxious fumes.
Your lurid green scales are hard. (AC +7)
You cannot fit into any form of body armour.
Your system is resistant to poisons. (rPois)
You are cold-blooded and may be slowed by cold attacks.


Message History

You closely miss the freezing wraith.
The freezing wraith is lightly damaged.
The freezing wraith misses you.
You hear a distant blaring wail to the east.
The freezing wraith closely misses you. The freezing wraith hits you.
* * * LOW HITPOINT WARNING * * *
The freezing wraith drains your vigour!
You feel as though you will be slow longer.
You are very lightly contaminated with residual magic.
As you read the scroll of teleportation, it crumbles to dust.
You feel strangely unstable. The freezing wraith barely misses you.
The freezing wraith closely misses you.
You feel better. The freezing wraith hits you.
* * * LOW HITPOINT WARNING * * *
The freezing wraith freezes you! You resist.
* * * LOW HITPOINT WARNING * * *
The freezing wraith hits you!
* * * LOW HITPOINT WARNING * * *
The freezing wraith hits you.
You die...

#..#####..#
#.## #.# #.#
.. ##.#
##..##...
###.........
#...####...#
#####.###
### #...W@#
##.#### #.
.# ##


You could see a freezing wraith.

Vanquished Creatures
  2 two-headed ogres (D:8)
  A hungry ghost (D:7)
  A black bear (D:6)
  An ice beast (D:5)
  An ogre (D:5)
  2 centaurs (D:5)
  A crocodile (D:7)
  2 bullfrogs
  A water moccasin zombie (D:5)
  2 scorpions (D:4)
  4 killer bees (D:8)
  2 hounds
  A bullfrog skeleton (D:6)
  2 centaur skeletons
  A jelly (D:8)
  6 orc wizards
  2 iguanas
  8 worker ants
  Natasha (thrice) (D:2)
  A worker ant zombie (D:5)
  A howler monkey skeleton (D:5)
  7 gnolls
  9 adders
  A shadow imp (D:5)
  2 oozes
  An adder skeleton (D:5)
  9 worms
  2 dart slugs
  7 leopard geckos
  25 orcs
  13 bats
  2 giant cockroaches (D:2)
  15 hobgoblins
  8 jackals
  5 kobolds
  6 quokkas
  A ball python (D:1)
  5 frilled lizards
  13 goblins
  2 jackal skeletons
  A quokka skeleton (D:5)
  8 rats
187 creatures vanquished.

Notes
Turn   | Place    | Note
-------+----------+-------------------------------------------
     0 | D:1      | MTVSty1e the Draconian Gladiator began the quest for the Orb.
     0 | D:1      | Reached XP level 1. HP: 17/17 MP: 1/1
   105 | D:1      | Reached XP level 2. HP: 23/25 MP: 2/2
   707 | D:1      | Reached XP level 3. HP: 24/30 MP: 3/3
   905 | D:2      | Reached skill level 4 in Long Blades
  1497 | D:2      | Reached XP level 4. HP: 35/38 MP: 4/4
  1597 | D:2      | Noticed Natasha
  1607 | D:2      | Killed Natasha
  1904 | D:2      | Found a faded altar of an unknown god.
  1944 | D:2      | Noticed Natasha
  1951 | D:2      | Killed Natasha
  2096 | D:2      | Noticed Natasha
  2112 | D:2      | Killed Natasha
  2112 | D:2      | Reached skill level 5 in Long Blades
  2112 | D:2      | Reached XP level 5. HP: 19/46 MP: 5/5
  3169 | D:4      | Reached XP level 6. HP: 40/52 MP: 6/6
  3294 | D:4      | Reached skill level 6 in Long Blades
  3326 | D:4      | Found Qoatack's Book Boutique.
  3752 | D:4      | Your scales start taking on a lurid green colour.
  3752 | D:4      | Reached XP level 7. HP: 26/60 MP: 7/7
  3752 | D:4      | Gained mutation: Your system is resistant to poisons. (rPois) [Green Draconian growth]
  4007 | D:5      | Entered Level 5 of the Dungeon
  4058 | D:4      | Reached skill level 5 in Fighting
  4317 | D:5      | Reached skill level 7 in Long Blades
  4463 | D:5      | Found a deep blue altar of Sif Muna.
  4718 | D:5      | Reached XP level 8. HP: 63/70 MP: 8/8
  4772 | D:5      | Found a white marble altar of Elyvilon.
  5040 | D:6      | Reached skill level 8 in Long Blades
  5195 | D:6      | Found an ancient bone altar of Kikubaaqudgha.
  5512 | D:6      | Found a staircase to the Ecumenical Temple.
  5796 | Temple   | Entered the Ecumenical Temple
  5811 | Temple   | Became a worshipper of Cheibriados the Contemplative
  6053 | D:7      | Reached skill level 5 in Dodging
  6102 | D:7      | Found a burning altar of Makhleb.
  6104 | D:7      | Noticed a blizzard demon
  6113 | D:7      | Found a glowing silver altar of Zin.
  6113 | D:7      | Noticed an angel
  6322 | D:7      | Reached skill level 9 in Long Blades
  6538 | D:7      | Noticed a moth of wrath
  6545 | D:7      | Found a bloodstained altar of Trog.
  6816 | D:7      | Reached * piety under Cheibriados
  6857 | D:7      | Got a crude hand axe
  6882 | D:7      | Identified a scroll of acquirement
  6906 | D:8      | Reached XP level 9. HP: 68/79 MP: 9/9
  7156 | D:8      | Found a shadowy altar of Dithmenos.
  7172 | D:8      | Noticed a two-headed ogre
  7197 | D:8      | Found a glowing silver altar of Zin.
  7211 | D:8      | Killed a two-headed ogre
  7218 | D:8      | Noticed a two-headed ogre
  7246 | D:8      | Killed a two-headed ogre
  7246 | D:8      | Reached skill level 10 in Long Blades
  7581 | D:8      | Noticed a freezing wraith
  7596 | D:8      | HP: 3/81 [freezing wraith (11)]
  7596 | D:8      | Slain by a freezing wraith

Skill      XL: |  1  2  3  4  5  6  7  8  9 |
---------------+----------------------------+-----
Long Blades    | 4 5 6 7 9 10 | 10.4
Fighting       | 3 4 5 7 8 |  8.1
Dodging        | 3 4 5 6 |  6.3
Throwing       | |  1.7

Action                   |  1- 3 |  4- 6 |  7- 9 || total
-------------------------+-------+-------+-------++-------
Melee: Long sword        |   109 |   256 |   312 ||   677
       Tailslap          |    14 |    32 |    57 ||   103
 Abil: Breathe Noxious F |       |       |     5 ||     5
  Use: Scroll            |     4 |     6 |     7 ||    17
       Potion            |       |     1 |     5 ||     6
 Stab: Sleeping          |       |     2 |     2 ||     4
       Confused          |       |       |     2 ||     2
  Eat: Royal jelly       |     1 |       |       ||     1
       Chunk             |       |     2 |       ||     2
       Meat ration       |       |     1 |     3 ||     4
       Bread ration      |       |       |     1 ||     1
Armor: Skin              |    23 |   103 |   110 ||   236
Dodge: Dodged            |    67 |   189 |   254 ||   510
       Rpst.: Long sword |    20 |    65 |    80 ||   165
